 Dungeon Crawl Stone Soup version 0.31-a0-180-g519b7de00c (webtiles) character file.

Game seed: 5700352196917618906

561 qw the Chopper (level 7, -7/43 HPs)
             Began as a Gargoyle Fighter on June 19, 2023.
             Mangled by a wraith (8 damage)
             ... in an ossuary.
             The game lasted 00:01:36 (3187 turns).

qw the Chopper (Gargoyle Fighter)                   Turns: 3187, Time: 00:01:36

Health: -7/43      AC: 11    Str: 22    XL:     7   Next: 31%
Magic:  0/7        EV:  9    Int:  8    God:
Gold:   41         SH:  4    Dex:  9    Spells: 6/6 levels left

rFire   . . .        Y - +0 war axe
rCold   . . .        c - +0 buckler
rNeg    + . .        b - +0 scale mail
rPois   inf          (no helmet)
rElec   +            (no cloak)
rCorr   .            (no gloves)
SInv    .            (no boots)
Will    .....        i - amulet of guardian spirit Stlth
                     (no ring)
HPRegen 0.27/turn    (no ring)
MPRegen 0.10/turn

%: guardian spirit
@: slowed, very slow
A: sickness immunity, AC +4, negative energy resistance 1, electricity
resistance, torment resistance 1, petrification resistance
a: no special abilities


You were in an ossuary.
You visited 1 branch of the dungeon, and saw 4 of its levels.
You also visited: Ossuary.

You collected 113 gold pieces.
You spent 72 gold pieces at shops.


Innate Abilities, Weirdness & Mutations

You are immune to sickness and miasma.
Your stone body is resilient. (AC +4)
You are immune to poison.
You resist negative energy. (rN+)
You are resistant to electric shocks. (rElec)
You are resistant to unholy torment.
You are immune to petrification.


   Skills:
 - Level 4.0 Fighting
 + Level 6.7 Axes
 - Level 3.2 Armour
 - Level 1.0 Dodging
 - Level 3.2 Shields


You had 6 spell levels left.
You didn't know any spells.
Your spell library was empty.

Inventory:

Hand Weapons
 g - a +0 whip
 Y - a +0 war axe (weapon)
Armour
 b - a +0 scale mail (worn)
 c - a +0 buckler (worn)
Jewellery
 i - an amulet of guardian spirit (around neck)
 l - a ring of ice
Scrolls
 f - 2 scrolls of identify
 n - a scroll of acquirement {unknown}
 o - a scroll of enchant armour {unknown}
Potions
 a - 2 potions of attraction
 d - 5 potions of might
 e - 3 potions of curing
 h - a potion of lignification
 j - 2 potions of resistance
 k - a potion of mutation {unknown}
 m - a potion of haste {unknown}

Dungeon Overview and Level Annotations

Branches:
Dungeon (4/15)            Ossuary (1/1)
 Temple: D:4-7

Altars:

Shops:
D:3 !


Message History

HP restored.
The flying skull gives a hideous shriek!
The flying skull gives a hideous shriek!
You open the door.
A wraith comes into view.
You barely miss the wraith. The wraith barely misses you.
You hit the wraith but do no damage. The wraith hits you! The wraith hits you.
You hit the wraith but do no damage. The wraith hits you.
You closely miss the wraith. The wraith hits you!
The wraith drains your vigour!
You feel yourself slow down.
You hit the wraith but do no damage. You block the wraith's attack.
The wraith hits you but does no damage.
You hit the wraith but do no damage. The wraith hits you!
The wraith drains your vigour!
You feel as though you will be slow longer.
The wraith hits you. The wraith drains your vigour!
You feel as though you will be slow longer.
3182 ||| DRINKING potion of heal wounds.
You feel much better. The wraith barely misses you.
You completely miss the wraith. You block the wraith's attack.
The wraith hits you!
You slash the wraith!
The wraith is heavily damaged.
The wraith barely misses you. The wraith hits you!
The wraith drains your vigour!
You feel as though you will be slow longer.
You barely miss the wraith.
The wraith is heavily damaged.
The wraith closely misses you. The wraith barely misses you.
You closely miss the wraith.
The wraith is heavily damaged.
The wraith hits you but does no damage.
You hit the wraith but do no damage.
The wraith is heavily damaged.
The wraith hits you! x2
You die...

#.###...?.###.#
#.#z#..?..# #
#.###.....#
#.............#
#.............#
#.###.###.###.#
#.#.#.#z#.# #
#.W##.###.#
#@.........
###########


You could see a wraith.

Vanquished Creatures
  A wraith (Ossuary)
  2 wights (Ossuary)
  2 iguanas (D:4)
  A sleepcap (D:4)
  2 orc wizards
  Terence (D:2)
  A gnoll (D:2)
  5 adders (D:2)
  An adder zombie (Ossuary)
  4 dart slugs
  6 orcs
  7 endoplasms
  3 giant cockroaches
  4 goblins
  9 hobgoblins
  8 jackals
  5 quokkas
  7 ball pythons
  2 ball python skeletons (Ossuary)
  A bat (D:1)
  5 frilled lizards
  A hobgoblin skeleton (Ossuary)
  5 kobolds
  2 kobold zombies (Ossuary)
  An orc skeleton (Ossuary)
  3 rats
89 creatures vanquished.

Notes
Turn   | Place    | Note
-------+----------+-------------------------------------------
     0 | D:1      | qw the Gargoyle Fighter began the quest for the Orb.
     0 | D:1      | Reached XP level 1. HP: 14/14 MP: 1/1
     0 | D:1      | 0 ||| qw: Version: 0.3-a-7-ge0c9b40
     0 | D:1      | 0 ||| qw: Game counter: 1093
     0 | D:1      | 0 ||| qw: Always use a shield: true
     0 | D:1      | 0 ||| qw: God list: Okawaru
     0 | D:1      | 0 ||| qw: Allow faded altars: false
     0 | D:1      | 0 ||| qw: Do Orc after D:15 true
     0 | D:1      | 0 ||| qw: Do second Lair branch before Depths: true
     0 | D:1      | 0 ||| qw: Lair rune preference: random
     0 | D:1      | 0 ||| qw: Plans: Normal, Zot:1-4, Slime:5, God:TSO, Crypt,
                  | Tomb, Abyss, Pan, Hells, Win
     0 | D:1      | 0 ||| PLANNING D:1-11
    55 | D:1      | 55 ||| Stepping ~*~*~tactically~*~*~ (hiding).
    63 | D:1      | Reached skill level 2 in Axes
   219 | D:1      | Found a faded altar of an unknown god.
   454 | D:1      | Reached XP level 2. HP: 19/19 MP: 2/2
   974 | D:1      | 974 ||| READING scroll labelled VOLLUA SAAMI.
   979 | D:1      | 979 ||| READING scroll labelled YCVAOF REMN.
   980 | D:1      | 980 ||| READING scroll labelled EXOIFUA GADAY.
   981 | D:1      | 981 ||| READING scroll labelled PAHEIN SAJIJ.
   982 | D:1      | 982 ||| READING scroll labelled JIDASU YZEINLI.
   983 | D:1      | 983 ||| READING scroll labelled CIZ XAJOBUOROL.
   992 | D:2      | 992 ||| STAIRDANCE
  1018 | D:2      | 1018 ||| STAIRDANCE
  1034 | D:2      | 1034 ||| STAIRDANCE
  1078 | D:2      | Reached skill level 3 in Axes
  1107 | D:2      | Reached XP level 3. HP: 23/23 MP: 3/3
  1243 | D:2      | Reached XP level 4. HP: 28/28 MP: 4/4
  1259 | D:2      | 1259 ||| DROPPING +0 club.
  1286 | D:2      | Reached skill level 4 in Axes
  1305 | D:2      | Noticed Terence
  1314 | D:2      | Killed Terence
  1450 | D:2      | 1450 ||| Stepping ~*~*~tactically~*~*~ (stealth).
  1452 | D:2      | 1452 ||| Stepping ~*~*~tactically~*~*~ (hiding).
  1482 | D:2      | Reached XP level 5. HP: 32/32 MP: 5/5
  1660 | D:2      | 1660 ||| READING scroll labelled JAIJAGH GONTA.
  1661 | D:2      | 1661 ||| READING scroll labelled TAEN YHONAP.
  1662 | D:2      | 1662 ||| DRINKING 2 sapphire potions.
  1663 | D:2      | 1663 ||| DRINKING 2 yellow potions.
  2031 | D:3      | HP: 6/32 [orc wizard/puff of flame (8)]
  2032 | D:3      | 2032 ||| DRINKING potion of heal wounds.
  2036 | D:3      | Reached skill level 5 in Axes
  2189 | D:3      | 2189 ||| Stepping ~*~*~tactically~*~*~ (stealth).
  2196 | D:3      | 2196 ||| Stepping ~*~*~tactically~*~*~ (stealth).
  2199 | D:3      | 2199 ||| Stepping ~*~*~tactically~*~*~ (stealth).
  2202 | D:3      | 2202 ||| Stepping ~*~*~tactically~*~*~ (stealth).
  2248 | D:3      | Found Sahiluelo's Distillery.
  2256 | D:3      | 2256 ||| BUYING potion of curing (36 gold).
  2256 | D:3      | Bought a potion of curing for 36 gold pieces
  2256 | D:3      | 2256 ||| BUYING potion of curing (36 gold).
  2256 | D:3      | Bought a potion of curing for 36 gold pieces
  2256 | D:3      | 2256 ||| SHOPLISTING potion of enlightenment (60 gold, have
                  | 13).
  2256 | D:3      | 2256 ||| SHOPLISTING potion of heal wounds (60 gold, have
                  | 13).
  2432 | D:3      | 2432 ||| UPGRADING to amulet of guardian spirit.
  2437 | D:3      | 2437 ||| READING 2 scrolls of identify.
  2437 | D:3      | 2437 ||| IDENTIFYING green potion
  2438 | D:3      | 2438 ||| DROPPING potion of degeneration.
  2448 | D:4      | 2448 ||| PLANNING OSSUARY
  2604 | D:4      | Reached skill level 1 in Dodging
  2604 | D:4      | Reached XP level 6. HP: 38/38 MP: 4/6
  2795 | D:4      | 2795 ||| Stepping ~*~*~tactically~*~*~ (stealth).
  2898 | D:4      | Found a sand-covered staircase.
  2899 | D:4      | 2899 ||| READING 2 scrolls of identify.
  2899 | D:4      | 2899 ||| IDENTIFYING murky orange potion
  2904 | Ossuary  | Entered an ossuary
  3023 | Ossuary  | Reached skill level 6 in Axes
  3052 | Ossuary  | Noticed a wraith
  3052 | Ossuary  | Noticed a flying skull
  3065 | Ossuary  | Noticed a flying skull
  3083 | Ossuary  | Noticed a flying skull
  3091 | Ossuary  | Noticed a wraith
  3100 | Ossuary  | Killed a wraith
  3101 | Ossuary  | Reached XP level 7. HP: 24/43 MP: 3/7
  3166 | Ossuary  | Noticed a flying skull
  3175 | Ossuary  | Noticed a wraith
  3181 | Ossuary  | HP: 10/43 [wraith (4)]
  3182 | Ossuary  | 3182 ||| DRINKING potion of heal wounds.
  3187 | Ossuary  | HP: 1/43 [wraith (8)]
  3187 | Ossuary  | Mangled by a wraith

Levels and vault maps discovered:
D:1:      dpeg_arrival_pond, layout_loops_corners,
          chequers_ecumenical_altar_twisty
D:2:      minmay_spotlight, layout_rooms, kennysheep_decorative_pillar,
          uniq_terence
D:3:      layout_loops_ring, serial_shops, shop, chequers_serial_rivers_marsh
D:4:      layout_basic, enter_ossuary_5
Ossuary:  ossuary_due_cavern

Skill      XL: |  1  2  3  4  5  6 |
---------------+-------------------+-----
Axes           | 2 3 4 5 6 |  6.7
Fighting       | 4 |  4.0
Dodging        | 1 |  1.0
Armour         | |  3.2
Shields        | |  3.2

Action                     |  1- 3 |  4- 6 |  7- 9 || total
---------------------------+-------+-------+-------++-------
  Melee: War axe           |    83 |   169 |    11 ||   263
    Use: Scroll            |     6 |     4 |       ||    10
         Potion            |       |     3 |     1 ||     4
 Armour: Scale mail        |    41 |    75 |     2 ||   118
  Dodge: Dodged            |    43 |    64 |     5 ||   112
  Block: Buckler           |    19 |    25 |     2 ||    46

Table legend:
 A = Non-vault XP
 B = Vault XP
 C = Vault XP percentage of total XP
 D = Non-vault monster count
 E = Vault monster count
 F = Vault count percentage of total count
                 A         B        C        D         E       F
            +---------+---------+-------+---------+---------+-------
      Total |     347 |     455 |  56.7 |      70 |      19 |  21.3
            +---------+---------+-------+---------+---------+-------
        D:1 |      27 |       0 |   0.0 |      15 |       0 |   0.0
        D:2 |      76 |      83 |  52.2 |      23 |       9 |  28.1
        D:3 |      80 |       0 |   0.0 |      22 |       0 |   0.0
        D:4 |     164 |       0 |   0.0 |      10 |       0 |   0.0
    Ossuary |       0 |     372 | 100.0 |       0 |      10 | 100.0
            +---------+---------+-------+---------+---------+-------
